[Event "Late-Titled-Tuesday-Blitz-November-28-2023"]
[Site "Chess.com"]
[Date "2023.11.28"]
[Round "9"]
[White "bazar-wokzal"]
[Black "colegiodemadrid"]
[Result "1-0"]
[WhiteElo "2648"]
[BlackElo "2501"]
[TimeControl "180+1"]
[EndTime "15:40:53 PST"]
[Termination "bazar-wokzal won by resignation"]

1. e4 e5 2. Bc4 Nf6 3. d3 c6 4. Nf3 d6 5. O-O Be7 6. a4 O-O 7. Nc3 Nbd7 8. h3 Nc5 9. Qe2 h6 10. d4 exd4 11. Nxd4 Re8 12. Bf4 Bf8 13. Bd3 Qb6 14.
a5 Qxb2 15. Qd2 Ncxe4 16. Bxe4 Nxe4 17. Nxe4 Rxe4 18. Be3 c5 19. Rfb1 Rxd4 20. Rxb2 Rxd2 21. Bxd2 Rb8 22. Rab1 f6 23. Bf4 Kf7 24. f3 g5 25. Bg3 h5 26. h4 Be7 27. Kf2 Ke6 28.
c4 Kd7 29. Re2 Bd8 30. Rd1 Bc7 31. Rd5 gxh4 32. Bxd6 Bxd6 33. Red2 Kc7 34. Rxd6 f5 35. Rh6 b5 36. Rh7+ Kc6 37. Rxa7 bxc4 38. Rc2 Be6 39.
Ra6+ Kd7 40. Rd2+ Ke7 41. Re2 c3 42. Raxe6+ 1-0

[Event "Late-Titled-Tuesday-Blitz-November-28-2023"]
[Site "Chess.com"]
[Date "2023.11.28"]
[Round "9"]
[White "kingofthenil"]
[Black "Hrant_ChessMood"]
[Result "0-1"]
[WhiteElo "2697"]
[BlackElo "2928"]
[TimeControl "180+1"]
[EndTime "15:40:54 PST"]
[Termination "Hrant_ChessMood won by checkmate"]

1. e4 c5 2. d3 Nc6 3. g3 Nf6 4. Bg2 d5 5. exd5 Nxd5 6. Nf3 e5 7. O-O Be7 8. Re1 f6 9. c3 Nc7 10. Na3 O-O 11. d4 cxd4 12. cxd4 exd4 13. Bf4 Ne6 14. Bd2 Kh8 15. Rc1 a5 16. Nb5 a4 17. a3 Qb6 18.
Bf1 Rd8 19. Nh4 Rd5 20. Bc4 Rxb5 21. Bxe6 Bxe6 22. Rxe6 Qd8 23. Qe2 d3 24. Qe4 Rxb2 25. Bc3 Re2 26. Qg4 Rxe6 27. Qxe6 Bxa3 28. Rd1 Bb4 29. Bxb4 Nxb4 30. Qe4 Qa5 31. Nf5 a3 32. Nd6 Qd5 33. Qe7 h6 34. Ne8 Rxe8 35. Qxe8+ Kh7 36. Qa4 Qf3 37. Rd2 Qe4 38. Kf1 Qh1# 0-1

[Event "Late-Titled-Tuesday-Blitz-November-28-2023"]
[Site "Chess.com"]
[Date "2023.11.28"]
[Round "9"]
[White "gahryman"]
[Black "Alohamora11"]
[Result "1-0"]
[WhiteElo "2709"]
[BlackElo "2578"]
[TimeControl "180+1"]
[EndTime "15:40:54 PST"]
[Termination "gahryman won on time"]

1. e4 c5 2. Nf3 g6 3. c3 Bg7 4. d4 cxd4 5. cxd4 d5 6. e5 Bg4 7. Bb5+ Nd7 8. Nbd2 e6 9. O-O Ne7 10. h3 Bxf3 11. Nxf3 a6 12. Bxd7+ Qxd7 13. Bf4 O-O 14. Qd2 Rac8 15. Bg5 f6 16. exf6 Bxf6 17. Bxf6 Rxf6 18. Ne5 Qd6 19. Rac1 Rff8 20. h4 Nc6 21. Nxc6 Rxc6 22. Rxc6 Qxc6 23. h5 Qe8 24. Re1 Rf5 25. h6 Qf7 26. Qe3 Rf6 27. Qe5 Qf8 28. Rc1 Qxh6 29. Rc8+ Rf8 30. Qxe6+ Kg7 31. Qe5+ Kg8 32. Qxd5+ Kg7 33.
Qe5+ Kg8 34. Qe6+ Kg7 35. Qe7+ Kg8 36. Rxf8+ Qxf8 37. Qxf8+ Kxf8 38. f3 Ke7 39. Kf2 Ke6 40. Ke3 Kd5 41. b3 h5 42. f4 b5 43. g3 a5 44. Kd3 1-0

[Event "Late-Titled-Tuesday-Blitz-November-28-2023"]
[Site "Chess.com"]
[Date "2023.11.28"]
[Round "9"]
[White "Grischuk"]
[Black "jefferyx"]
[Result "0-1"]
[WhiteElo "3076"]
[BlackElo "2995"]
[TimeControl "180+1"]
[EndTime "15:40:56 PST"]
[Termination "jefferyx won by resignation"]

1. d4 Nf6 2. c4 e6 3. Bg5 h6 4. Bh4 g5 5. Bg3 h5 6. f3 c5 7. d5 h4 8. Bf2 b5 9. e4 bxc4 10.
Bxc4 exd5 11. Bxd5 Nxd5 12. Qxd5 Nc6 13. Nc3 Bg7 14. Bxc5 Rb8 15. Ba3 Ba6 16. Nh3 Ne5 17.
O-O-O Rh6 18. Rd4 Rc6 19. Rhd1 Rb5 20. Qxc6 Nxc6 21. Nxb5 Bxb5 22. Rxd7 Qxd7 23. Rxd7 Kxd7 24. Nxg5 Bh6 25. f4 Bxg5 26. fxg5 Bd3 27. Kd2 Bxe4 28.
g3 hxg3 29. hxg3 Ke6 30. Ke3 Bb1 31. b4 a6 0-1

[Event "Late-Titled-Tuesday-Blitz-November-28-2023"]
[Site "Chess.com"]
[Date "2023.11.28"]
[Round "9"]
[White "Abduzhaparov"]
[Black "Aradhya2000"]
[Result "0-1"]
[WhiteElo "2450"]
[BlackElo "2740"]
[TimeControl "180+1"]
[EndTime "15:40:58 PST"]
[Termination "Aradhya2000 won by resignation"]

1. Nf3 d5 2. c4 d4 3. e3 c5 4. b4 dxe3 5. fxe3 cxb4 6. d4 g6 7. h4 Nf6 8. Bd3 Bg7 9. a3 Nc6 10.
axb4 e5 11. d5 e4 12. dxc6 Qxd3 13. Qxd3 exd3 14. Ra3 bxc6 15. Rxd3 Bf5 16. e4 Nxe4 17. Nd4 Bd7 18. Bb2 O-O-O 19. Nd2 Rhe8 20. O-O f5 21.
Nxe4 Rxe4 22. Nxc6 Bxc6 23. Rxd8+ Kxd8 24. Bxg7 Rxc4 25. Bf8 Rxh4 26. Re1 Rg4 27. Re2 Kd7 28. Rd2+ Ke6 29.
Ra2 Kf7 30. Bc5 a6 31. Re2 Bb5 32. Re7+ Kg8 33. Re8+ Bxe8 0-1

[Event "Late-Titled-Tuesday-Blitz-November-28-2023"]
[Site "Chess.com"]
[Date "2023.11.28"]
[Round "9"]
[White "stasOR4ik"]
[Black "SergioMoralesG"]
[Result "1-0"]
[WhiteElo "2494"]
[BlackElo "2369"]
[TimeControl "180+1"]
[EndTime "15:41:06 PST"]
[Termination "stasOR4ik won on time"]

1. e4 c5 2. c3 Nf6 3. e5 Nd5 4. d4 cxd4 5. Nf3 e6 6. Qxd4 Nc6 7. Qe4 Be7 8. Bd3 f5 9. Qe2 Nf6 10. exf6 Bxf6 11. Bxf5 O-O 12. Bc2 e5 13. h4 d5 14.
Bb3 Bg4 15. Nbd2 Kh8 16. Qb5 e4 17. Nh2 Bh5 18. Qxd5 Bxh4 19. g3 Qf6 20. Nxe4 Rae8 21. O-O Qg6 22. Ng5 Rf5 23. Nf7+ Rxf7 24. Qxf7 Bxg3 25.
fxg3 Qxg3+ 26. Kh1 Bxf7 27. Bxf7 Rd8 28. Bf4 h6 29. Bxg3 1-0

[Event "Late-Titled-Tuesday-Blitz-November-28-2023"]
[Site "Chess.com"]
[Date "2023.11.28"]
[Round "9"]
[White "Zhigalko_Sergei"]
[Black "djano"]
[Result "1-0"]
[WhiteElo "2908"]
[BlackElo "2605"]
[TimeControl "180+1"]
[EndTime "15:41:09 PST"]
[Termination "Zhigalko_Sergei won on time"]

1. e4 g6 2. d4 Bg7 3. Nc3 a6 4. Nf3 b5 5. a4 b4 6. Ne2 Bb7 7.
Ng3 d6 8. Bd3 e6 9. O-O Ne7 10.
c3 bxc3 11. bxc3 O-O 12. Be3 Nd7 13. a5 c5 14. Qe2 Nc6 15. Rfb1 Qc7 16. h3 Rfb8 17.
Qa2 Bc8 18. Rc1 Qd8 19. Qa4 Ne7 20. h4 h6 21. Qc2 Qc7 22. Qd2 Rb3 23. Bxh6 Rab8 24.
Bxg7 Kxg7 25. h5 Rb2 26. Qg5 f6 27. Qg4 Nf8 28. hxg6 Nexg6 29. Nh5+ Kf7 30. e5 dxe5 31. dxe5 fxe5 32. Ng5+ Ke7 33. Bxg6 Nxg6 34. Ne4 Kf7 35. Rd1 Bb7 36. Nd6+ 1-0

[Event "Late-Titled-Tuesday-Blitz-November-28-2023"]
[Site "Chess.com"]
[Date "2023.11.28"]
[Round "9"]
[White "szefru"]
[Black "expii"]
[Result "1-0"]
[WhiteElo "2329"]
[BlackElo "2227"]
[TimeControl "180+1"]
[EndTime "15:41:09 PST"]
[Termination "szefru won by resignation"]

1. e4 c5 2. Nf3 d6 3. d4 cxd4 4.
Qxd4 Nc6 5. Bb5 Bd7 6. Qd3 a6 7. Bxc6 Bxc6 8. c4 Nf6 9. Nc3 g6 10. O-O Bg7 11. h3 Nd7 12. Be3 O-O 13. Qd2 Nc5 14.
Bxc5 dxc5 15. Qe3 b6 16. Rad1 Qc7 17. Nd5 Bxd5 18. cxd5 Bxb2 19. e5 Rad8 20. Qe2 Bc3 21.
Qxa6 Bxe5 22. Nxe5 Qxe5 23. Rfe1 Qf5 24. Qxb6 Rxd5 25.
Rxd5 Qxd5 26. Rxe7 c4 27. Rc7 Rd8 28. a4 Qd1+ 29.
Kh2 Qxa4 30. Qf6 Rf8 31. h4 c3 32. Rxc3 Qg4 33. Rg3 Qe4 34. h5 Qe6 35. Qc3 f5 36.
h6 Qf6 37. Qc7 Rf7 38. Qc4 Kh8 39. Rd3 Rf8 40. Rd7 Re8 41. g3 Qb2 42. Kg2 Qe5 43. Qf7 1-0

[Event "Late-Titled-Tuesday-Blitz-November-28-2023"]
[Site "Chess.com"]
[Date "2023.11.28"]
[Round "9"]
[White "dropstoneDP"]
[Black "DreamsAreFake"]
[Result "1-0"]
[WhiteElo "2955"]
[BlackElo "2687"]
[TimeControl "180+1"]
[EndTime "15:41:10 PST"]
[Termination "dropstoneDP won by resignation"]

1. e4 c6 2. Nf3 d5 3. Nc3 dxe4 4. Nxe4 Nf6 5. Qe2 Na6 6. Nxf6+ gxf6 7. a3 Bg4 8. d3 Qd5 9. h3 Bxf3 10. Qxf3 Qxf3 11.
gxf3 Rg8 12. d4 Nc7 13. Bd3 O-O-O 14. Bxh7 Rh8 15. Bd3 Rxd4 16. Be3 Rdh4 17. Bxa7 e6 18. Ke2 Rxh3 19. Rxh3 Rxh3 20. Rg1 Kd7 21. c4 Ne8 22. Rd1 Kc7 23. c5 Be7 24. Bb6+ Kc8 25. b4 Nc7 26. Rg1 Nd5 27. Rg8+ Kd7 28. Rb8 Nf4+ 29. Ke3 Nxd3 30.
Rxb7+ Ke8 31. Kxd3 Rxf3+ 32. Kc4 Rxa3 33. Rb8+ Kd7 34. Rb7+ Ke8 35. Rc7 Rf3 36. Rxc6 Rxf2 37. Rc8+ Kd7 38. Rc7+ Ke8 39. Kb5 Rb2 40. Kc6 Kf8 41. b5 f5 42. Rc8+ Kg7 43. Bc7 Rc2 44.
Bd6 Bxd6 45. Kxd6 f4 46. b6 f3 47. Ra8 f2 48. Ra1 e5 49. b7 Rb2 50. c6 e4 51. c7 Rxb7 52. c8=Q Rb6+ 53. Kd5 Re6 54.
Qc3+ Kf8 55. Ra8+ Ke7 56. Qc5+ Kf6 57. Qxf2+ 1-0

[Event "Late-Titled-Tuesday-Blitz-November-28-2023"]
[Site "Chess.com"]
[Date "2023.11.28"]
[Round "9"]
[White "WPWPWP-2015"]
[Black "PoXerStar"]
[Result "1-0"]
[WhiteElo "2536"]
[BlackElo "2408"]
[TimeControl "180+1"]
[EndTime "15:41:10 PST"]
[Termination "WPWPWP-2015 won on time"]

1. e4 c5 2. Nf3 e6 3. d4 cxd4 4. Nxd4 Nf6 5. Bd3 Nc6 6. Nxc6 bxc6 7. O-O d6 8. Nc3 Be7 9. Re1 e5 10. h3 O-O 11. b3 Be6 12. Bb2 Nd7 13. Ne2 d5 14.
Ng3 d4 15. Nf5 Bb4 16. Rf1 g6 17.
a3 Bc5 18. b4 Bb6 19. Nh6+ Kg7 20. f4 exf4 21. Ng4 h5 22. Nh2 Qh4 23. Nf3 Qg3 24. Bc1 Bxh3 25. Rf2 Bg4 26. Qf1 f6 27. Bd2 g5 28. Be1 Ne5 29. Nxe5 fxe5 30. Rf3 Bxf3 31. Bxg3 fxg3 32. gxf3 g4 33. Qc1 1-0

[Event "Late-Titled-Tuesday-Blitz-November-28-2023"]
[Site "Chess.com"]
[Date "2023.11.28"]
[Round "9"]
[White "jcibarra"]
[Black "Nf3c5"]
[Result "1-0"]
[WhiteElo "2887"]
[BlackElo "2523"]
[TimeControl "180+1"]
[EndTime "15:41:11 PST"]
[Termination "jcibarra won on time"]

1. e4 c5 2. Nf3 a6 3. c4 Nc6 4. d4 cxd4 5. Nxd4 e5 6. Nf5 d5 7. cxd5 Bxf5 8. exf5 Nd4 9. Nc3 Nf6 10.
Bd3 Be7 11. O-O O-O 12. Re1 Nxd5 13. Rxe5 Nxc3 14. bxc3 Bf6 15. Re1 Nb5 16. Bb2 Nxc3 17. Qf3 Qb6 18. Bxc3 Bxc3 19. Rab1 Qa5 20. Re2 b5 21.
Be4 Rac8 22. g3 Bf6 23. Bd5 Qc3 24. Re3 Qc5 25. Rd1 h6 26. Kg2 a5 27. h4 a4 28.
Red3 Rc7 29. Qh5 Kh7 30. R1d2 b4 31. Be4 Kg8 32. g4 Qe5 33. Re2 Rc4 34. Rde3 Qf4 35. Rf3 Rxe4 36. Rxf4 Rxf4 37. Kg3 Rc4 38. g5 Rc3+ 39. f3 1-0

[Event "Late-Titled-Tuesday-Blitz-November-28-2023"]
[Site "Chess.com"]
[Date "2023.11.28"]
[Round "9"]
[White "MKlose11"]
[Black "krzyzan94"]
[Result "1-0"]
[WhiteElo "2616"]
[BlackElo "2727"]
[TimeControl "180+1"]
[EndTime "15:41:11 PST"]
[Termination "MKlose11 won on time"]

1. e4 e5 2. Nf3 Nc6 3. d4 exd4 4. Bc4 Nf6 5. O-O Nxe4 6. Re1 d5 7.
Bxd5 Qxd5 8. Nc3 Qa5 9. Nxe4 Be6 10. Neg5 O-O-O 11. Nxe6 fxe6 12. Rxe6 Bd6 13. Bd2 Qh5 14.
h3 h6 15. Qe2 Rhf8 16. Re1 Qd5 17. b3 a6 18. Qe4 Qxe4 19. R6xe4 Bb4 20. Bxb4 Nxb4 21.
Nxd4 Rxd4 22. Rxd4 Nxc2 23. Ree4 Nxd4 24. Rxd4 Rf6 25. f4 c5 26. Re4 Kd7 27. Kf2 b5 28. Ke3 a5 29. g4 Ra6 30. Re5 Kd6 31. Kd3 a4 32. Rf5 axb3 33. axb3 Ra3 34. Kc3 Ra2 35. Rf7 Rh2 36. Rxg7 Rxh3+ 37. Kc2 b4 38. f5 Rf3 39. Rg6+ Ke5 40. Rxh6 Rf2+ 41. Kd3 Rf3+ 42. Kc4 Rc3+ 43. Kb5 Rxb3 44. Kxc5 Kf4 45. Rg6 Rb1 46. Kc4 b3 47.
Kc3 Ke5 48. Re6+ Kd5 49. Rg6 Ke5 50. f6 Rf1 51. g5 1-0

[Event "Late-Titled-Tuesday-Blitz-November-28-2023"]
[Site "Chess.com"]
[Date "2023.11.28"]
[Round "9"]
[White "TimGrutter03"]
[Black "Sic_Transit_GM"]
[Result "0-1"]
[WhiteElo "2546"]
[BlackElo "2707"]
[TimeControl "180+1"]
[EndTime "15:41:19 PST"]
[Termination "Sic_Transit_GM won by resignation"]

1. b3 g6 2. Bb2 Nf6 3. e4 Bg7 4. e5 Nd5 5. c4 Nb6 6. a4 a5 7. d4 d6 8. Nf3 Bg4 9. Be2 Nc6 10. exd6 exd6 11. h3 Bxf3 12. Bxf3 O-O 13. O-O d5 14. c5 Nc8 15. Na3 N8e7 16. Nb5 Qd7 17. Bg4 f5 18. Bf3 Nd8 19. Re1 Bf6 20. Ba3 Nec6 21. Qd3 Rf7 22. Re2 Ne6 23. Bb2 Nf4 24. Qd2 Nxe2+ 25. Qxe2 Re8 26. Qd2 Rfe7 27. Qf4 Nb4 28. Bc3 Nc6 29. h4 Nd8 30. Bxa5 Ne6 31. Qd2 Nxc5 32. dxc5 Bxa1 33. Nxc7 Re1+ 34. Kh2 Be5+ 35.
g3 Bxc7 36. Bxd5+ Kf8 37. Qh6+ Qg7 38. Qxg7+ Kxg7 39. Bxc7 R8e2 40. Kg2 Rc1 41. Bc4 Rxc4 42. bxc4 Rc2 43. Bb6 Rxc4 44. a5 Kf6 45. Kf3 Ke5 46.
Ke3 Rc3+ 47. Kd2 Rf3 48. Ke2 Ke4 49. c6 bxc6 50. a6 Ra3 51. a7 Kd5 52. Kd2 c5 53. Kc2 Kc6 54. Bd8 Rxa7 55. Bf6 Ra2+ 56. Bb2 Kd5 57.
Kb3 Rxb2+ 58. Kxb2 Ke4 59. Kc3 Kf3 60. Kc4 Kxf2 61. Kxc5 Kxg3 62. Kd4 0-1

[Event "Late-Titled-Tuesday-Blitz-November-28-2023"]
[Site "Chess.com"]
[Date "2023.11.28"]
[Round "9"]
[White "Jahonas"]
[Black "Harry_Rakkel"]
[Result "0-1"]
[WhiteElo "2423"]
[BlackElo "2656"]
[TimeControl "180+1"]
[EndTime "15:41:25 PST"]
[Termination "Harry_Rakkel won by checkmate"]

1. e4 c5 2. Nf3 e6 3. d4 cxd4 4. Nxd4 Nc6 5. Nxc6 bxc6 6. Bd3 Nf6 7. O-O d5 8. Nd2 Be7 9. b3 O-O 10. Bb2 c5 11.
Qe2 a5 12. Rfd1 a4 13. Bb5 a3 14. Be5 Bb7 15. c4 dxe4 16. Nxe4 Nxe4 17. Rxd8 Rfxd8 18. Qg4 Bf8 19. Rd1 f6 20. Ba1 f5 21. Qe2 Kf7 22.
f3 Nf6 23. Bxf6 Kxf6 24. Bd7 Ra6 25. f4 Ke7 26. Bb5 Rad6 27. Re1 Kf7 28. Qh5+ Kg8 29. h3 g6 30. Qe2 Bh6 31. Qe5 Bg7 32. Qe2 Kh8 33. b4 Rd2 34. Qxe6 Rxg2+ 35. Kf1 Rxa2 36. Bd7 Bd4 37. Rd1 Bg2+ 38. Ke1 Bf2# 0-1

[Event "Late-Titled-Tuesday-Blitz-November-28-2023"]
[Site "Chess.com"]
[Date "2023.11.28"]
[Round "9"]
[White "FM_Kappeler"]
[Black "The_Straightforward_Rook"]
[Result "0-1"]
[WhiteElo "2338"]
[BlackElo "2466"]
[TimeControl "180+1"]
[EndTime "15:41:26 PST"]
[Termination "The_Straightforward_Rook won on time"]

1. d4 Nf6 2. c4 e6 3. g3 d5 4. Bg2 Bb4+ 5. Bd2 Be7 6. Nf3 O-O 7.
O-O b6 8. a4 Ba6 9. b3 c6 10.
Qc2 Nbd7 11. a5 b5 12. c5 Re8 13. Bf4 h6 14. h4 Ne4 15. h5 Bf6 16. Nbd2 Nxd2 17. Qxd2 e5 18. dxe5 Nxe5 19. Nxe5 Bxe5 20. Bxe5 Rxe5 21. b4 Qe7 22. Rfe1 Rxh5 23. e4 dxe4 24. Bxe4 Qf6 25. Rad1 Re5 26. f4 Ree8 27. Qd6 Qc3 28. Kf2 Qb2+ 29. Re2 Qxb4 30. Qxc6 Rab8 31. Bh7+ Kxh7 32.
Rxe8 Rxe8 33. Qxe8 Qxc5+ 34. Qe3 Qc7 35. Rc1 Qd7 36. Qe4+ g6 37. Qe3 Bb7 38. Qxa7 Qd2+ 0-1

[Event "Late-Titled-Tuesday-Blitz-November-28-2023"]
[Site "Chess.com"]
[Date "2023.11.28"]
[Round "9"]
[White "Ducke13"]
[Black "serena-maria"]
[Result "0-1"]
[WhiteElo "2443"]
[BlackElo "2353"]
[TimeControl "180+1"]
[EndTime "15:41:27 PST"]
[Termination "serena-maria won on time"]

1. d4 Nf6 2. g3 g6 3. Bg2 Bg7 4. e4 d6 5. Ne2 O-O 6. O-O Nbd7 7. Nbc3 e5 8. a4 Nh5 9. h3 f5 10. exf5 gxf5 11. Ra3 f4 12. Bd5+ Kh8 13. Ne4 c6 14. Ba2 d5 15. Nd6 f3 16. Nc3 exd4 17.
Nb1 Ne5 18. Nxc8 Qxc8 19. Kh2 Qe8 20. Nd2 Qf7 21. Re1 Rae8 22. a5 a6 23. Ra4 c5 24.
c4 Nd3 25. Rxe8 Qxe8 26. Qf1 Qxa4 27. Bb1 Nxc1 28. Qxc1 Qxa5 29. cxd5 Bh6 30. Qc2 Qc7 31.
d6 Qg7 32. Ne4 b6 33. Qa4 a5 34. Qc6 Qa7 0-1

[Event "Late-Titled-Tuesday-Blitz-November-28-2023"]
[Site "Chess.com"]
[Date "2023.11.28"]
[Round "9"]
[White "GoValya"]
[Black "Nick12772"]
[Result "0-1"]
[WhiteElo "2218"]
[BlackElo "2378"]
[TimeControl "180+1"]
[EndTime "15:41:31 PST"]
[Termination "Nick12772 won by resignation"]

1. d4 Nf6 2. c4 g6 3. g3 c6 4.
Bg2 d5 5. Nf3 Bg7 6. O-O O-O 7.
Nc3 dxc4 8. Ne5 Be6 9. e4 Nfd7 10.
Nf3 Nb6 11. Be3 a5 12. Ng5 Bc8 13. f4 h6 14. Nf3 Bg4 15. h3 Bxf3 16. Bxf3 e6 17.
Bg2 Na6 18. f5 exf5 19. exf5 Nb4 20. fxg6 fxg6 21. Qg4 N4d5 22. Bxh6 Bxh6 23. Qxg6+ Bg7 24. Be4 Nf6 25. Bf5 Qxd4+ 26. Kh1 Rae8 27. Rf4 Qd2 28. Rh4 Re1+ 29. Rxe1 Qxe1+ 30. Kg2 Qd2+ 31. Kg1 Qe3+ 32.
Kg2 Rd8 33. Ne4 Qe2+ 34. Nf2 Rd2 35. Rf4 Nbd5 36. Be4 Nxf4+ 37. gxf4 Qxe4+ 38. Qxe4 Nxe4 39. Kf3 Rxf2+ 40. Kxe4 Rxb2 0-1

[Event "Late-Titled-Tuesday-Blitz-November-28-2023"]
[Site "Chess.com"]
[Date "2023.11.28"]
[Round "9"]
[White "emeli_chess"]
[Black "SouS007"]
[Result "0-1"]
[WhiteElo "2362"]
[BlackElo "2567"]
[TimeControl "180+1"]
[EndTime "15:41:32 PST"]
[Termination "SouS007 won on time"]

1. d4 d5 2. c4 c6 3. Nc3 Nf6 4. e3 Bf5 5. Nf3 e6 6. Nh4 Be4 7. f3 Bg6 8. Bd2 Be7 9. Nxg6 hxg6 10. Qb3 Qc7 11. O-O-O a5 12. h4 a4 13. Qc2 Na6 14. a3 dxc4 15. Bxc4 b5 16. Nxb5 cxb5 17. Bxb5+ Kf8 18.
Bxa4 Nd5 19. Qxc7 Naxc7 20. Bc2 Kg8 21. g3 Nb6 22. e4 Nc4 23. Bd3 Nxd2 24. Kxd2 Rh5 25.
e5 g5 26. hxg5 Bxg5+ 27. f4 Rxh1 28. Rxh1 Be7 29. Be4 Rb8 30. Kc2 Nb5 31. Rd1 Rc8+ 32. Kb3 Rb8 33. Ka2 Bxa3 34. d5 Bxb2 35. Kxb2 Nd6+ 36. Kc2 Nxe4 37. d6 Nxg3 38. Kd3 f6 39. Kd4 Nf5+ 40. Kc5 Kf7 41. Kc6 Rc8+ 42. Kd7 Rc5 43. Re1 fxe5 44. fxe5 g5 45. Rg1 Rxe5 46. Rxg5 Rd5 47. Kc6 Rxd6+ 48. Kc5 Rd5+ 49. Kb4 Kf6 50. Rg8 Nd6 51. Kc3 e5 52. Rf8+ Ke7 53. Rh8 e4 54. Kc2 e3 55. Rh3 Nf5 56. Kc1 Ke6 57. Rh2 Ng3 58.
Rh3 e2 0-1

[Event "Late-Titled-Tuesday-Blitz-November-28-2023"]
[Site "Chess.com"]
[Date "2023.11.28"]
[Round "9"]
[White "SilverCityIndigo"]
[Black "morte-negra"]
[Result "1-0"]
[WhiteElo "2434"]
[BlackElo "2002"]
[TimeControl "180+1"]
[EndTime "15:41:34 PST"]
[Termination "SilverCityIndigo won on time"]

1. e4 c5 2. Nc3 g6 3. d4 cxd4 4. Qxd4 Nf6 5. e5 Nc6 6. Qf4 Nh5 7. Qe4 f5 8. Qe2 Bg7 9. Nf3 e6 10. Nb5 O-O 11. Bd2 d5 12. O-O-O Bd7 13. Bc3 Nf4 14. Qd2 Bh6 15. Kb1 Kg7 16. Qe1 a6 17. Nd6 b5 18. g3 b4 19. Bd2 Nh5 20. Bxh6+ Kxh6 21. Qd2+ Kg7 22. h4 a5 23. Bb5 Rb8 24. Bxc6 Bxc6 25. Nd4 Qd7 26. b3 a4 27. f3 axb3 28.
cxb3 Nxg3 29. Rhg1 f4 30. h5 g5 31. Rxg3 fxg3 32.
Qxg5+ Kh8 33. h6 Rb7 34. Rg1 Qe7 35. Rxg3 Qxg5 36. Rxg5 Rf4 37. Nxc6 1-0

[Event "Late-Titled-Tuesday-Blitz-November-28-2023"]
[Site "Chess.com"]
[Date "2023.11.28"]
[Round "9"]
[White "SEBAZZANO"]
[Black "gabduschew"]
[Result "0-1"]
[WhiteElo "2257"]
[BlackElo "2432"]
[TimeControl "180+1"]
[EndTime "15:41:35 PST"]
[Termination "gabduschew won on time"]

1. d4 g6 2. e4 Bg7 3. Nc3 c6 4.
Bf4 Qb6 5. Nf3 Qxb2 6. Bd2 Qb6 7. e5 d6 8. Rb1 Qc7 9. exd6 Qxd6 10. Be3 Nf6 11. Be2 O-O 12. O-O Nd5 13. Nxd5 cxd5 14. c4 dxc4 15. Bxc4 Nc6 16. Qa4 Bd7 17. Rxb7 Rad8 18. Rbb1 Nxd4 19. Qd1 Nxf3+ 20. Qxf3 Bc6 21. Qg3 Be5 22. Qh4 Bd4 23. Rfd1 e5 24. Bh6 Rfe8 25. h3 Bd5 26. Bxd5 Qxd5 27. Bg5 Rc8 28. Bf6 h5 29. Qg5 Qe6 30. Rb7 Rc2 31. Rf1 Rec8 0-1

[Event "Late-Titled-Tuesday-Blitz-November-28-2023"]
[Site "Chess.com"]
[Date "2023.11.28"]
[Round "9"]
[White "ChristopherYoo"]
[Black "CheckThis4"]
[Result "1-0"]
[WhiteElo "3014"]
[BlackElo "2719"]
[TimeControl "180+1"]
[EndTime "15:41:36 PST"]
[Termination "ChristopherYoo won by resignation"]

1. e4 c5 2. Nf3 d6 3. d4 cxd4 4.
Nxd4 Nf6 5. Nc3 g6 6. Bg5 Bg7 7. Bb5+ Bd7 8. Qe2 Nc6 9. Bxc6 bxc6 10. O-O-O O-O 11. e5 dxe5 12. Nxc6 Qc7 13. Nxe7+ Kh8 14. Ned5 Nxd5 15. Nxd5 Qa5 16. a3 Be6 17. Qd2 Qb5 18. Nc7 Qc4 19. Nxa8 Qa2 20. Qd6 Rxa8 21. Qb4 h6 22.
Be3 Rc8 23. Kd2 Qd5+ 24. Kc1 Qa2 25. Rhe1 Bf5 26. Re2 Qa1+ 27. Kd2 Rxc2+ 28. Ke1 Rxe2+ 29. Kxe2 Qa2 30. f3 Qe6 31. g4 Bc2 32. Rc1 Qa6+ 33. Kf2 Bd3 34. Qb3 e4 35. Qxf7 exf3 36. Rc7 Qf6 37.
Qxf6 Bxf6 38. Kxf3 Bxb2 39. Rxa7 Bc4 40. a4 h5 41.
gxh5 gxh5 42. Ke4 Bf1 43. Bd4+ Bxd4 44. Kxd4 h4 45. a5 h3 1-0

[Event "Late-Titled-Tuesday-Blitz-November-28-2023"]
[Site "Chess.com"]
[Date "2023.11.28"]
[Round "9"]
[White "nindjaxx8"]
[Black "nitpicker"]
[Result "1-0"]
[WhiteElo "2453"]
[BlackElo "2314"]
[TimeControl "180+1"]
[EndTime "15:41:36 PST"]
[Termination "nindjaxx8 won on time"]

1. d4 Nf6 2. c4 e6 3. Nc3 Bb4 4. Qc2 d5 5. cxd5 exd5 6. Bg5 c6 7. e3 Nbd7 8. Nf3 O-O 9. Bd3 h6 10. Bh4 Re8 11. O-O b6 12. Rac1 Bb7 13. Qd1 Be7 14. Bb1 Ne4 15. Bg3 Nxg3 16. hxg3 Bf6 17. Re1 Nf8 18.
Ne2 Qd6 19. Nf4 Rad8 20. Nd3 Nd7 21. Qc2 g6 22. Nf4 Bg7 23. a3 c5 24. Red1 c4 25. b4 Nf6 26. Ne5 Nd7 27. Nf3 Nf6 28. Qa4 a6 29.
Qc2 Ne4 30. Nd2 Nf6 31. Qa2 Bc8 32. Nf3 b5 33. Qb2 Bg4 34. a4 g5 35. Ne2 Ne4 36.
axb5 axb5 37. Nc3 Qf6 38. Qe2 Qc6 39. Qc2 Ra8 40. Re1 Bf5 41. Qb2 1-0

[Event "Late-Titled-Tuesday-Blitz-November-28-2023"]
[Site "Chess.com"]
[Date "2023.11.28"]
[Round "9"]
[White "Jaka_Brilej"]
[Black "GMthekingindian"]
[Result "1-0"]
[WhiteElo "2471"]
[BlackElo "2340"]
[TimeControl "180+1"]
[EndTime "15:41:37 PST"]
[Termination "Jaka_Brilej won by checkmate"]

1. d4 d5 2. Nc3 Nf6 3. Bf4 c6 4. e3 Bf5 5. Bd3 Bg6 6. Nf3 e6 7. Ne5 Nbd7 8. Nxg6 hxg6 9. h3 Bb4 10. O-O O-O 11. Ne2 Re8 12. c3 Ba5 13. Bc2 Bc7 14.
Bxc7 Qxc7 15. f4 c5 16. Qe1 cxd4 17. exd4 Ne4 18. Ng3 f5 19. Nxe4 dxe4 20. Qg3 Kf7 21. Bb3 b5 22. a3 Nb6 23. Rac1 Rad8 24. Rc2 Nc4 25. Re1 a5 26. Qg5 a4 27. Bxc4 Qxc4 28. Re3 Rh8 29. Rg3 Rd7 30. Qxg6+ Kf8 31. Rf2 Rh6 32. Qg5 Re7 33. Re3 Re8 34. g3 Kf7 35. g4 Reh8 36. gxf5 exf5 37. Qxf5+ Ke8 38. Qxe4+ Kd8 39.
Qe7+ Kc8 40. Rg2 Rxh3 41. Rxh3 Rxh3 42. Qe8+ Kc7 43. Rxg7+ Kb6 44. Qb8+ Ka5 45. Ra7# 1-0

[Event "Late-Titled-Tuesday-Blitz-November-28-2023"]
[Site "Chess.com"]
[Date "2023.11.28"]
[Round "9"]
[White "NigelDwarf"]
[Black "Zampronha1971"]
[Result "0-1"]
[WhiteElo "2551"]
[BlackElo "2413"]
[TimeControl "180+1"]
[EndTime "15:41:38 PST"]
[Termination "Zampronha1971 won by resignation"]

1. a3 d5 2. c4 c5 3. cxd5 Qxd5 4. Nc3 Qd8 5. Nf3 Nf6 6. d4 e6 7. Bf4 Nc6 8. e3 cxd4 9. exd4 Nd5 10. Bg3 Nxc3 11. bxc3 Bd6 12. Bd3 h6 13. Qe2 O-O 14.
Qe4 f5 15. Qe2 Bxg3 16. hxg3 Qf6 17. O-O Bd7 18. Rfe1 Rfe8 19. Rab1 b6 20. Bc4 Kh8 21. Ba2 Rac8 22. Qd3 Nd8 23. Ne5 Rc7 24. g4 fxg4 25.
Ng6+ Kg8 26. d5 Rxc3 27. dxe6 Bxe6 28. Qe4 Rxa3 29. Bxe6+ Rxe6 30. Qd5 Kh7 31. Rxe6 Nxe6 32. Ne5 Ra5 33. Qe4+ g6 34. Nxg4 Qf5 35. Qb7+ Ng7 36. Ne3 Qxb1+ 37. Kh2 Qb2 38. Ng4 h5 39. Ne3 Qe5+ 40. g3 Rc5 0-1

[Event "Late-Titled-Tuesday-Blitz-November-28-2023"]
[Site "Chess.com"]
[Date "2023.11.28"]
[Round "9"]
[White "Bryanl106"]
[Black "Byniolus"]
[Result "0-1"]
[WhiteElo "2506"]
[BlackElo "2784"]
[TimeControl "180+1"]
[EndTime "15:41:40 PST"]
[Termination "Byniolus won by checkmate"]

1. e4 d6 2. d4 Nf6 3. Nc3 c6 4. Nf3 Bg4 5. h3 Bh5 6. Be2 e6 7. Be3 d5 8. e5 Nfd7 9. Ng5 Bg6 10. Bd3 Be7 11. Bxg6 hxg6 12. Qg4 c5 13. Nxe6 fxe6 14. Qxg6+ Kf8 15. Qxe6 cxd4 16. Qf5+ Kg8 17. Qe6+ Kf8 18.
Qf5+ Kg8 19. Nxd5 Qa5+ 20. Nc3 dxc3 21. Qe6+ Kf8 22. Qf5+ Ke8 23. Qg6+ Kd8 24. O-O-O Qxa2 25. bxc3 Ba3+ 26. Kd2 Qd5+ 27. Ke2 Qxe5 28. g4 Re8 29. Rd3 Qe4 30. Qg5+ Be7 31. Qa5+ b6 32. Qa1 Nc6 33.
Rhd1 Ne5 34. Rd5 Bc5 35. Qa6 Qf3+ 36. Kd2 Bxe3+ 37. fxe3 Qxd5+ 38. Kc1 Qc6 39. Kb2 Rc8 40. Qxa7 Qxc3+ 41. Kb1 Qxc2+ 42. Ka1 Qxd1+ 43. Ka2 Rc2+ 44. Ka3 Qa1+ 45. Kb4 Qb1+ 46. Ka4 Ra2# 0-1